HSSL
OLIVER AMES HS TIGERS @ MADAWASKA VALLEY HS WOLVES
05/13/2029
 
TOP OF THE 1ST
Oliver Ames HS Tigers batting - Pitching for Madawaska Valley HS Wolves : RHP Luis Barrera
Pitching: RHP Luis Barrera
Batting: RHB Culley Turner 0-0: Ball
1-0: Swinging Strike
1-1: Ball
2-1: Ground out 4-3 (Groundball, 4)
Batting: RHB Kenny Miller 0-0: Called Strike
0-1: Ball
1-1: Foul Ball, location: 2F
1-2: Ball
2-2: Ball
3-2: Single, Error in OF, E9, batter to second base
Batting: LHB William Moody 0-0: Ball
1-0: Swinging Strike
1-1: Swinging Strike
1-2: Ball
2-2: Strikes out swinging
Batting: LHB Kevin Carter 0-0: Ball
1-0: Ball
2-0: Reached on error, E3 (Groundball, 34S)
Kenny Miller to third
Batting: RHB Will Hinkle 0-0: Ball
1-0: Ball
2-0: Ball
3-0: Base on Balls
Kevin Carter to second
Batting: RHB Will Hernández 0-0: Called Strike
0-1: Fielders Choice at 2nd, 6-4 (Groundball, 6)
Top of the 1st over - 0 runs, 1 hit, 2 errors, 3 left on base; Oliver Ames HS 0 - Madawaska Valley HS 0
BOTTOM OF THE 1ST
Madawaska Valley HS Wolves batting - Pitching for Oliver Ames HS Tigers : RHP Will Jones
Pitching: RHP Will Jones
Batting: RHB Rich Bradley 0-0: Ball
1-0: Ball
2-0: Ball
3-0: Called Strike
3-1: Called Strike
3-2: Strikes out swinging
Batting: RHB Bob Colbert 0-0: Ground out 6-3 (Groundball, 6M)
Batting: SHB Jason Dundee 0-0: Ball
1-0: Called Strike
1-1: Ball
2-1: Called Strike
2-2: Foul Ball, location: 2F
2-2: Ball
3-2: Fly out, F7 (Flyball, 7LD)
Bottom of the 1st over - 0 runs, 0 hits, 0 errors, 0 left on base; Oliver Ames HS 0 - Madawaska Valley HS 0
TOP OF THE 2ND
Oliver Ames HS Tigers batting - Pitching for Madawaska Valley HS Wolves : RHP Luis Barrera
Batting: RHB Marcos Llevanos 0-0: Called Strike
0-1: Ball
1-1: Ball
2-1: SINGLE (Line Drive, 7S)
Batting: LHB Brandon Napoleon 0-0: Ball
1-0: Called Strike
1-1: Ball
2-1: Foul Ball, location: 2F
2-2: Foul Ball, location: 2F
2-2: SINGLE (Groundball, 56D)
Marcos Llevanos to second
Batting: RHB Pat Taylor 0-0: Ball
1-0: Ball
2-0: Fly out, F8 (Flyball, 8LD)
Batting: RHB Culley Turner 0-0: Ball
1-0: Ball
2-0: Ball
3-0: Called Strike
3-1: Base on Balls
Marcos Llevanos to third
Brandon Napoleon to second
Batting: RHB Kenny Miller 0-0: Ball
1-0: Swinging Strike
1-1: Ball
2-1: Ball
3-1: Fly out, F7 (Line Drive, 7)
Runner from 3rd tags up, SCORES, throw made
Batting: LHB William Moody 0-0: Swinging Strike
0-1: Foul Ball, location: 2F
0-2: Fielders Choice at 2nd, 6-4 (Groundball, 6)
Top of the 2nd over - 1 run, 2 hits, 0 errors, 2 left on base; Oliver Ames HS 1 - Madawaska Valley HS 0
BOTTOM OF THE 2ND
Madawaska Valley HS Wolves batting - Pitching for Oliver Ames HS Tigers : RHP Will Jones
Batting: LHB Ricardo Carrillo 0-0: Called Strike
0-1: Ball
1-1: Ball
2-1: Ball
3-1: Base on Balls
Batting: LHB Carl Childs 0-0: Ball
Passed Ball!
Ricardo Carrillo to second
1-0: Ball
2-0: Ball
3-0: Called Strike
3-1: Base on Balls
Batting: RHB Rory Dickey 0-0: Ball
1-0: Foul Ball, location: 2F
1-1: Ball
2-1: Ball
3-1: Called Strike
3-2: Base on Balls
Ricardo Carrillo to third
Carl Childs to second
Batting: RHB Jim Barnes 0-0: Swinging Strike
0-1: Foul Ball, location: 2F
0-2: Grounds into double play, 6-4-3 (Groundball, 6)
Ricardo Carrillo scores
Carl Childs to third
Batting: SHB Robert Bradshaw 0-0: Ball
1-0: Ground out 6-3 (Groundball, 6D)
Bottom of the 2nd over - 1 run, 0 hits, 0 errors, 1 left on base; Oliver Ames HS 1 - Madawaska Valley HS 1
TOP OF THE 3RD
Oliver Ames HS Tigers batting - Pitching for Madawaska Valley HS Wolves : RHP Luis Barrera
Batting: LHB Kevin Carter 0-0: Ball
1-0: Foul Ball, location: 2F
1-1: Called Strike
1-2: Strikes out looking
Batting: RHB Will Hinkle 0-0: Called Strike
0-1: Swinging Strike
0-2: Ball
1-2: Ball
2-2: Ball
3-2: Foul Ball, location: 2F
3-2: Base on Balls
Batting: RHB Will Hernández 0-0: Fly out, F8 (Flyball, 8RS)
Batting: RHB Marcos Llevanos 0-0: Ball
1-0: Fly out, F8 (Flyball, 8LD)
Top of the 3rd over - 0 runs, 0 hits, 0 errors, 1 left on base; Oliver Ames HS 1 - Madawaska Valley HS 1
BOTTOM OF THE 3RD
Madawaska Valley HS Wolves batting - Pitching for Oliver Ames HS Tigers : RHP Will Jones
Batting: RHB Bill Martínez 0-0: Ground out 6-3 (Groundball, 56)
Batting: RHB Rich Bradley 0-0: Ball
1-0: Ball
2-0: Reached on error, E5 (Groundball, 56S)
Batting: RHB Bob Colbert 0-0: Ball
1-0: Called Strike
1-1: Foul Ball, location: 2F
1-2: Ball
Rich Bradley is caught stealing 2nd base
2-2: Ground out 6-3 (Groundball, 6)
Bottom of the 3rd over - 0 runs, 0 hits, 1 error, 0 left on base; Oliver Ames HS 1 - Madawaska Valley HS 1
TOP OF THE 4TH
Oliver Ames HS Tigers batting - Pitching for Madawaska Valley HS Wolves : RHP Luis Barrera
Batting: LHB Brandon Napoleon 0-0: Called Strike
0-1: Swinging Strike
0-2: Strikes out swinging
Batting: RHB Pat Taylor 0-0: Called Strike
0-1: Ball
1-1: Fly out, F5 (Line Drive, 5S)
Batting: RHB Culley Turner 0-0: SINGLE (Groundball, 6MD)
Batting: RHB Kenny Miller 0-0: Ball
1-0: Foul Ball, location: 2F
1-1: Foul Ball, location: 2F
1-2: Fly out, F9 (Flyball, 9S)
Top of the 4th over - 0 runs, 1 hit, 0 errors, 1 left on base; Oliver Ames HS 1 - Madawaska Valley HS 1
BOTTOM OF THE 4TH
Madawaska Valley HS Wolves batting - Pitching for Oliver Ames HS Tigers : RHP Will Jones
Batting: SHB Jason Dundee 0-0: SINGLE (Line Drive, 34)
Batting: LHB Ricardo Carrillo 0-0: Ball
1-0: Ball
2-0: Ball
3-0: Called Strike
3-1: Base on Balls
Jason Dundee to second
Batting: LHB Carl Childs 0-0: Ball
1-0: Ball
2-0: Swinging Strike
2-1: Called Strike
2-2: Ball
3-2: Strikes out looking
Batting: RHB Rory Dickey 0-0: Called Strike
0-1: Ball
1-1: Called Strike
1-2: SINGLE (Groundball, 34D)
Jason Dundee to third
Ricardo Carrillo to second
Batting: RHB Jim Barnes 0-0: Foul Ball, location: 2F
0-1: Fielders Choice at 2nd, 4-6 (Groundball, 4)
Jason Dundee scores
Ricardo Carrillo to third
Batting: SHB Robert Bradshaw 0-0: Ball
1-0: Called Strike
1-1: Ground out 1-3 (Groundball, P)
Bottom of the 4th over - 1 run, 2 hits, 0 errors, 2 left on base; Oliver Ames HS 1 - Madawaska Valley HS 2
TOP OF THE 5TH
Oliver Ames HS Tigers batting - Pitching for Madawaska Valley HS Wolves : RHP Luis Barrera
Batting: LHB William Moody 0-0: Called Strike
0-1: Foul Ball, location: 2F
0-2: Ball
1-2: Ball
2-2: Strikes out looking
Pitching: LHP Roy Gómez
Batting: LHB Kevin Carter 0-0: Ball
1-0: Foul Ball, location: 2F
1-1: SINGLE (Flyball, 89M)
Batting: RHB Will Hinkle 0-0: Ball
1-0: Called Strike
1-1: Ground out 5-3 (Groundball, 56S)
Kevin Carter to second
Batting: RHB Will Hernández 0-0: Ball
1-0: Called Strike
1-1: Foul Ball, location: 2F
1-2: Fly out, F8 (Flyball, 8RM)
Top of the 5th over - 0 runs, 1 hit, 0 errors, 1 left on base; Oliver Ames HS 1 - Madawaska Valley HS 2
BOTTOM OF THE 5TH
Madawaska Valley HS Wolves batting - Pitching for Oliver Ames HS Tigers : RHP Will Jones
Batting: RHB Bill Martínez 0-0: Ball
1-0: Swinging Strike
1-1: Foul Ball, location: 2F
1-2: Ball
2-2: Foul Ball, location: 2F
2-2: Foul Ball, location: 2F
2-2: Ball
3-2: DOUBLE (Line Drive, 7LM)
Batting: RHB Rich Bradley 0-0: Ground out 5-3 (Groundball, 5)
Batting: RHB Bob Colbert 0-0: Ball
1-0: Called Strike
1-1: Ball
2-1: Foul Ball, location: 2F
2-2: Ball
3-2: Foul Ball, location: 2F
3-2: Foul Ball, location: 2F
3-2: Base on Balls
Pitching: LHP Dustin Scott
Batting: SHB Jason Dundee 0-0: Ball
1-0: Called Strike
1-1: Foul Ball, location: 2F
1-2: Strikes out looking
Batting: LHB Ricardo Carrillo 0-0: Foul Ball, location: 2F
0-1: Ball
1-1: Called Strike
1-2: Foul Ball, location: 2F
1-2: Ball
2-2: Ball
3-2: Base on Balls
Bill Martínez to third
Bob Colbert to second
Batting: LHB Carl Childs 0-0: Ball
1-0: Called Strike
1-1: Foul Ball, location: 2F
1-2: Ball
2-2: Ball
3-2: Strikes out swinging
Bottom of the 5th over - 0 runs, 1 hit, 0 errors, 3 left on base; Oliver Ames HS 1 - Madawaska Valley HS 2
TOP OF THE 6TH
Oliver Ames HS Tigers batting - Pitching for Madawaska Valley HS Wolves : LHP Roy Gómez
Batting: RHB Marcos Llevanos 0-0: Ball
1-0: Foul Ball, location: 2F
1-1: Hit by Pitch
Batting: LHB Brandon Napoleon 0-0: Called Strike
0-1: Ball
1-1: Called Strike
1-2: Strikes out looking
Batting: RHB Pat Taylor 0-0: Ball
1-0: Swinging Strike
1-1: Ball
2-1: Swinging Strike
2-2: Foul Ball, location: 2F
2-2: Foul Ball, location: 2F
2-2: Strikes out swinging
Batting: RHB Culley Turner 0-0: Called Strike
0-1: Ball
1-1: Called Strike
1-2: Strikes out looking
Top of the 6th over - 0 runs, 0 hits, 0 errors, 1 left on base; Oliver Ames HS 1 - Madawaska Valley HS 2
BOTTOM OF THE 6TH
Madawaska Valley HS Wolves batting - Pitching for Oliver Ames HS Tigers : LHP Dustin Scott
Batting: RHB Rory Dickey 0-0: Ball
1-0: Foul Ball, location: 2F
1-1: Foul Ball, location: 2F
1-2: Strikes out swinging
Batting: RHB Jim Barnes 0-0: Ball
1-0: Called Strike
1-1: Ground out 4-3 (Groundball, 4)
Batting: SHB Robert Bradshaw 0-0: Ground out 6-3 (Groundball, 6)
Bottom of the 6th over - 0 runs, 0 hits, 0 errors, 0 left on base; Oliver Ames HS 1 - Madawaska Valley HS 2
TOP OF THE 7TH
Oliver Ames HS Tigers batting - Pitching for Madawaska Valley HS Wolves : LHP Roy Gómez
Batting: RHB Kenny Miller 0-0: Foul Ball, location: 2F
0-1: Ball
1-1: Swinging Strike
1-2: Reached on error, E5 (Groundball, 5)
Batting: LHB William Moody 0-0: Ball
1-0: Foul Ball, location: 2F
1-1: Called Strike
1-2: Foul Ball, location: 2F
1-2: Ground out 6-3 (Groundball, 6)
Batting: LHB Kevin Carter 0-0: Called Strike
0-1: Ball
1-1: Ball
2-1: Fly out, F8 (Flyball, 8LM)
Batting: RHB Will Hinkle 0-0: Foul Ball, location: 2F
0-1: Ball
1-1: Foul Ball, location: 2F
1-2: Strikes out swinging
Top of the 7th over - 0 runs, 0 hits, 1 error, 1 left on base; Oliver Ames HS 1 - Madawaska Valley HS 2
BOTTOM OF THE 7TH
Madawaska Valley HS Wolves batting - Pitching for Oliver Ames HS Tigers : LHP Dustin Scott
Batting: RHB Bill Martínez 0-0: Foul Ball, location: 2F
0-1: Called Strike
0-2: Ball
1-2: Ball
2-2: Ball
3-2: Foul Ball, location: 2F
3-2: SINGLE (Line Drive, 4MD)
Batting: RHB Rich Bradley 0-0: Ball
1-0: Called Strike
1-1: Ball
2-1: Ball
3-1: Bunt missed!
3-2: Ground out 6-3 (Groundball, 56)
Bill Martínez to second
Batting: RHB Bob Colbert 0-0: SINGLE (Groundball, 6MD)
Bill Martínez to third
Runner from 3rd tries for Home, SAFE, no throw
Batting: SHB Jason Dundee 0-0: Ball
1-0: Foul Ball, location: 2F
1-1: Ball
2-1: SINGLE (Line Drive, 34)
Bob Colbert to second
Runner from 2nd tries for 3rd, SAFE, throw made to third
Batting: LHB Ricardo Carrillo 0-0: Foul Ball, location: 2F
0-1: Ball
1-1: Foul Ball, location: 2F
1-2: Foul Ball, location: 2F
1-2: SINGLE (Groundball, 3D)
Bob Colbert scores
Jason Dundee to second
Pitching: LHP Chase Walker
Batting: LHB Carl Childs 0-0: Foul Ball, location: 2F
0-1: Reached via error on a dropped throw, E6
Jason Dundee to third
Ricardo Carrillo to second
Batting: RHB Rory Dickey 0-0: Called Strike
0-1: Foul Ball, location: 2F
0-2: Hit by Pitch
Jason Dundee scores
Ricardo Carrillo to third
Carl Childs to second
Batting: RHB Jim Barnes 0-0: DOUBLE (Groundball, 5L)
Ricardo Carrillo scores
Carl Childs scores
Rory Dickey to third
Batting: SHB Robert Bradshaw 0-0: Ball
1-0: Ball
Passed Ball!
Rory Dickey scores
Jim Barnes to third
2-0: Foul Ball, location: 2F
2-1: Ball
3-1: Foul Ball, location: 2F
3-2: Strikes out swinging
Batting: RHB Bill Martínez 0-0: Called Strike
0-1: Called Strike
0-2: Ball
1-2: Foul Ball, location: 2F
1-2: Ball
2-2: Ball
3-2: Base on Balls
Batting: RHB Rich Bradley 0-0: Swinging Strike
0-1: Ball
1-1: Ball
2-1: Foul Ball, location: 2F
2-2: Strikes out swinging
Bottom of the 7th over - 6 runs, 5 hits, 1 error, 2 left on base; Oliver Ames HS 1 - Madawaska Valley HS 8
TOP OF THE 8TH
Oliver Ames HS Tigers batting - Pitching for Madawaska Valley HS Wolves : LHP Roy Gómez
Batting: RHB Will Hernández 0-0: Ball
1-0: Ball
2-0: SINGLE (Groundball, 56S) (infield hit)
Batting: RHB Marcos Llevanos 0-0: Ball
1-0: Fielders Choice at 2nd, 6-4 (Groundball, 56)
Batting: LHB Brandon Napoleon 0-0: Ball
1-0: Ball
2-0: Ball
3-0: Called Strike
3-1: Foul Ball, location: 2F
3-2: Foul Ball, location: 2F
3-2: Foul Ball, location: 2F
3-2: Base on Balls
Marcos Llevanos to second
Batting: RHB Pat Taylor 0-0: SINGLE (Flyball, 7S)
Marcos Llevanos to third
Brandon Napoleon to second
Runner from 3rd tries for Home, SAFE, no throw
Batting: RHB Culley Turner 0-0: Ball
1-0: Called Strike
1-1: Called Strike
1-2: Ball
2-2: Ball
3-2: Base on Balls
Brandon Napoleon to third
Pat Taylor to second
Pitching: RHP Jorge Morín
Batting: RHB Kenny Miller 0-0: Ball
1-0: Ball
2-0: Called Strike
2-1: SINGLE (Line Drive, 8RS)
Brandon Napoleon scores
Pat Taylor to third
Culley Turner to second
Batting: LHB William Moody 0-0: Called Strike
0-1: Ball
1-1: Fly out, F7 (Line Drive, 7D)
Runner from 3rd tags up, SCORES, throw made
Batting: LHB Kevin Carter 0-0: Called Strike
0-1: Ball
1-1: Foul Ball, location: 2F
1-2: Ball
2-2: Foul Ball, location: 2F
2-2: Foul Ball, location: 2F
2-2: Fly out, F7 (Flyball, 78M)
Top of the 8th over - 3 runs, 3 hits, 0 errors, 2 left on base; Oliver Ames HS 4 - Madawaska Valley HS 8
BOTTOM OF THE 8TH
Madawaska Valley HS Wolves batting - Pitching for Oliver Ames HS Tigers : LHP Chase Walker
Batting: RHB Bob Colbert 0-0: Ball
1-0: Called Strike
1-1: Ball
2-1: Ball
3-1: SINGLE (Flyball, 8LS)
Batting: SHB Jason Dundee 0-0: Called Strike
0-1: Ball
1-1: Ball
2-1: Foul Ball, location: 2F
2-2: Grounds into double play, 5-4-3 (Groundball, 56)
Batting: LHB Ricardo Carrillo 0-0: Swinging Strike
0-1: Fly out, F7 (Flyball, 7S)
Bottom of the 8th over - 0 runs, 1 hit, 0 errors, 0 left on base; Oliver Ames HS 4 - Madawaska Valley HS 8
TOP OF THE 9TH
Oliver Ames HS Tigers batting - Pitching for Madawaska Valley HS Wolves : RHP Jorge Morín
Batting: RHB Will Hinkle 0-0: Ball
1-0: Ground out 5-3 (Groundball, 56)
Batting: RHB Will Hernández 0-0: Called Strike
0-1: Ball
1-1: Ball
2-1: Foul Ball, location: 2F
2-2: Ball
3-2: Base on Balls
Batting: RHB Marcos Llevanos 0-0: Ball
1-0: Called Strike
1-1: SINGLE (Line Drive, 7S)
Will Hernández to second
Batting: LHB Brandon Napoleon 0-0: Ball
1-0: Ball
2-0: Ball
3-0: Base on Balls
Will Hernández to third
Marcos Llevanos to second
Pinch Hitting: SHB Mark Thompson 0-0: Foul Ball, location: 2F
0-1: Ball
1-1: Swinging Strike
1-2: Ball
2-2: Ball
3-2: Foul Ball, location: 2F
3-2: Fly out, F4 (Flyball, 4D)
Batting: RHB Culley Turner 0-0: Foul Ball, location: 2F
0-1: Ball
1-1: Ball
2-1: Ball
3-1: Foul Ball, location: 2F
3-2: Base on Balls
Will Hernández scores
Marcos Llevanos to third
Brandon Napoleon to second
Batting: RHB Kenny Miller 0-0: Called Strike
0-1: Foul Ball, location: 2F
0-2: Foul Ball, location: 2F
0-2: SINGLE (Groundball, 34D)
Marcos Llevanos scores
Brandon Napoleon to third
Culley Turner to second
Batting: LHB William Moody 0-0: Ball
1-0: Swinging Strike
1-1: Called Strike
1-2: Foul Ball, location: 2F
1-2: Reached on error, E7 (Line Drive, 78D)
Brandon Napoleon scores
Culley Turner scores
Kenny Miller to third
Batting: LHB Kevin Carter 0-0: Ball
1-0: Ball
2-0: Ball
3-0: Base on Balls
Batting: RHB Will Hinkle 0-0: Called Strike
0-1: Ball
1-1: Called Strike
1-2: SINGLE (Groundball, 34) (infield hit)
Kenny Miller scores
William Moody to third
Kevin Carter to second
Batting: RHB Will Hernández 0-0: Ball
1-0: Ball
2-0: Ball
3-0: Called Strike
3-1: Called Strike
3-2: Base on Balls
William Moody scores
Kevin Carter to third
Will Hinkle to second
Pitching: LHP José Vázquez
Batting: RHB Marcos Llevanos 0-0: Ball
1-0: Ball
2-0: Called Strike
2-1: Swinging Strike
2-2: Foul Ball, location: 2F
2-2: Ball
3-2: Strikes out swinging
Top of the 9th over - 6 runs, 3 hits, 1 error, 3 left on base; Oliver Ames HS 10 - Madawaska Valley HS 8
BOTTOM OF THE 9TH
Madawaska Valley HS Wolves batting - Pitching for Oliver Ames HS Tigers : LHP Chase Walker
Now at C: Mark Thompson
Batting: LHB Carl Childs 0-0: Ball
1-0: Foul Ball, location: 2F
1-1: Swinging Strike
1-2: Ball
2-2: Strikes out swinging
Batting: RHB Rory Dickey 0-0: Ball
1-0: Ground out 6-3 (Groundball, 6)
Batting: RHB Jim Barnes 0-0: Called Strike
0-1: Ball
1-1: Foul Ball, location: 2F
1-2: Strikes out looking
Bottom of the 9th over - 0 runs, 0 hits, 0 errors, 0 left on base; Oliver Ames HS 10 - Madawaska Valley HS 8
Saturday, December 16th, 2017 - OOTP Baseball 18.8 Build 76